 Dungeon Crawl Stone Soup version 0.21.0-24-g2553a33 (webtiles) character file.

56 Grimoiregrey the Ruffian (level 3, 0/36 HPs)
             Began as a Troll Monk on Jan 20, 2018.
             Slain by a leopard gecko (4 damage)
             ... on level 2 of the Dungeon.
             The game lasted 00:08:29 (1097 turns).

Grimoiregrey the Ruffian (Troll Monk)               Turns: 1097, Time: 00:08:30

Health: 0/36       AC:  5    Str: 20    XL:     3   Next: 71%
Magic:  2/2        EV: 10    Int:  6    God:
Gold:   24         SH:  0    Dex: 12    Spells: 2/2 levels left

rFire    . . .     SeeInvis .     - Unarmed
rCold    . . .     Gourm    +   (no shield)
rNeg     . . .     Faith    .   a - +0 robe
rPois    .         Spirit   .   (helmet restricted)
rElec    .         Reflect  .   (no cloak)
rCorr    .         Harm     .   (gloves unavailable)
MR       .....                  (boots unavailable)
Stlth    +.........             (no amulet)
HPRegen  0.52/turn              f - ring of loudness (curse)
MPRegen  0.08/turn              (no ring)

@: lethally poisoned (0 -> -4)
A: large, unfitting armour, claws 3, fast metabolism 3, gourmand, regeneration
1, shaggy fur 1, tough skin 2
a: no special abilities


You were on level 2 of the Dungeon.
You were full.

You visited 1 branch of the dungeon, and saw 2 of its levels.

You collected 24 gold pieces.

Inventory:

Armour
 a - a +0 robe (worn)
Jewellery
 f - a cursed ring of loudness (left claw)
Scrolls
 c - 2 scrolls of remove curse {unknown}
 e - a scroll of immolation {unknown}
Potions
 d - a potion of resistance {unknown}
 g - 2 potions of degeneration {unknown}
Comestibles
 b - 6 rations


   Skills:
 - Level 2.4 Fighting
 - Level 2.4 Dodging
 - Level 1.0 Stealth
 + Level 4.7 Unarmed Combat


You had 2 spell levels left.
You didn't know any spells.

Dungeon Overview and Level Annotations

Branches:
Dungeon (2/15)

Altars:
Dithmenos
Sif Muna
Trog
Wu Jian


Innate Abilities, Weirdness & Mutations

You are too large for most types of armour.
You have claws for hands.
Your metabolism is lightning-fast.
You like to eat raw meat.
Your natural rate of healing is unusually fast.
You are covered in fur. (AC +1)
You have very tough skin. (AC +2)


Message History

You feel sick. The goblin barely misses you. The adder bites you.
The leopard gecko bites you.
A bat comes into view.
You barely miss the leopard gecko. The adder bites you.
You are more poisoned.
The adder poisons you! The leopard gecko bites you.
The goblin hits you but does no damage.
You completely miss the leopard gecko.
You feel sick. The adder bites you.
You are more poisoned.
The adder poisons you! The leopard gecko bites you.
The bat hits you but does no damage. The goblin hits you with a club.
* * * LOW HITPOINT WARNING * * *
You scratch the leopard gecko.
The leopard gecko is severely wounded.
You feel sick. The bat closely misses you. The adder barely misses you.
The leopard gecko barely misses you.
You feel sick. The adder bites you.
* * * LOW HITPOINT WARNING * * *
The leopard gecko bites you.
You die...

#.. ## #.. ... #
..# .... #.
..###.(# #.#
#..#..#
###..##.....##.
#......l.......
#.@gb.....#
##.Sg_...##
...##.........#
...............
.##..##.....##.
...)###..#..##
##..##..###..##.
#......###.....
####.###...#......


You could see an adder, a leopard gecko, a hobgoblin, a goblin and a bat.

Vanquished Creatures
  An adder (D:2)
  2 dart slugs (D:1)
  A leopard gecko (D:1)
  7 bats (D:1)
  2 giant cockroaches (D:1)
  4 goblins
  6 hobgoblins
  4 jackals (D:1)
  A frilled lizard (D:1)
  6 kobolds
  5 rats
39 creatures vanquished.

Notes
Turn   | Place    | Note
-------+----------+-------------------------------------------
     0 | D:1      | Grimoiregrey the Troll Monk began the quest for the Orb.
     0 | D:1      | Reached XP level 1. HP: 22/22 MP: 0/0
   199 | D:1      | Reached XP level 2. HP: 26/29 MP: 1/1
   561 | D:1      | Reached skill level 4 in Unarmed Combat
   673 | D:1      | Reached XP level 3. HP: 36/36 MP: 2/2
  1019 | D:2      | Found a faded altar of an unknown god.
  1019 | D:2      | Found an ornate altar of the Wu Jian Council.
  1030 | D:2      | Found a deep blue altar of Sif Muna.
  1037 | D:2      | Found a faded altar of an unknown god.
  1039 | D:2      | Found a bloodstained altar of Trog.
  1085 | D:2      | Found a shadowy altar of Dithmenos.
  1097 | D:2      | Slain by a leopard gecko

Skill      XL: |  1  2 |
---------------+-------+-----
Unarmed Combat | 4 |  4.7
Fighting       | |  2.4
Dodging        | |  2.4
Stealth        | |  1.0

Action                   || total
-------------------------++-------
Melee: Unarmed           ||    88
       Punch             ||     1
 Stab: Sleeping          ||     1
  Eat: Chunk             ||    13
Armor: Robe              ||    58
Dodge: Dodged            ||    76
